| TOP OF THE 1ST |
|
Oklahoma City Dodgers batting - Pitching for Syracuse Chiefs : RHP Sentos Alatas
|
|
Pitching: RHP Sentos Alatas
|
|
|
Batting: RHB Jose Ramirez
|
0-0: Ball 1-0: Ball 2-0: SINGLE (Flyball, 7S, EV 85.0 MPH)
|
|
Batting: RHB Theo Schepers
|
0-0: Ball 1-0: Swinging Strike 1-1: Called Strike 1-2: Ball 2-2: Strikes out swinging
|
|
Batting: LHB Chris Buchan
|
Balk! Jose Ramirez to second 0-0: Called Strike 0-1: Foul Ball, location: 2F 0-2: Strikes out swinging
|
|
Batting: LHB Stephen Van Raalte
|
0-0: Called Strike 0-1: Foul Ball, location: 2F 0-2: SINGLE (Groundball, 4D, EV 95.0 MPH) Jose Ramirez to third Runner from 3rd tries for Home, SAFE, throw by RF to home
|
|
Batting: RHB Tommy Hunter
|
0-0: Reached on error, E5 (Groundball, 15, EV 87.5 MPH) Stephen Van Raalte to second
|
|
Batting: LHB Steve Pond
|
0-0: Fielders Choice at 2nd, 6-4 (Groundball, 56, EV 100.0 MPH)
|
| Top of the 1st over - 1 run, 2 hits, 1 error, 2 left on base; Oklahoma City 1 - Syracuse 0 |
| BOTTOM OF THE 1ST |
|
Syracuse Chiefs batting - Pitching for Oklahoma City Dodgers : RHP Trey Price
|
|
Pitching: RHP Trey Price
|
|
|
Batting: RHB Dusty Ballard
|
0-0: Fly out, F9 (Flyball, 9LSF, EV 79.4 MPH)
|
|
Batting: RHB Hisayuki Akiyama
|
0-0: Foul Ball, location: 2F 0-1: Swinging Strike 0-2: Strikes out swinging
|
|
Batting: LHB Tim Olsen
|
0-0: Ball 1-0: Called Strike 1-1: Foul Ball, location: 2F 1-2: Ball 2-2: Ball 3-2: SINGLE (Groundball, 34D, EV 95.6 MPH)
|
|
Batting: LHB Jae-ik Soung
|
0-0: Called Strike 0-1: Ball 1-1: Called Strike 1-2: SINGLE (Groundball, 34D, EV 102.5 MPH) Tim Olsen to second Runner from 2nd tries for 3rd, SAFE, throw by RF made to third Jae-ik Soung to second
|
|
Batting: RHB Antonio Laurel
|
0-0: DOUBLE (Line Drive, 78D, EV 104.4 MPH) Tim Olsen scores Jae-ik Soung scores
|
|
Batting: RHB Nate Dickinson
|
0-0: Ball 1-0: Fly out, F7 (Flyball, 7, EV 84.4 MPH)
|
| Bottom of the 1st over - 2 runs, 3 hits, 0 errors, 1 left on base; Oklahoma City 1 - Syracuse 2 |
| TOP OF THE 2ND |
|
Oklahoma City Dodgers batting - Pitching for Syracuse Chiefs : RHP Sentos Alatas
|
|
Batting: RHB Alex Cid
|
0-0: Ball 1-0: Ball 2-0: Ball 3-0: Base on Balls
|
|
Batting: RHB Kevin Ezell
|
0-0: Called Strike 0-1: Ball 1-1: Grounds into double play, 4-6-3 (Groundball, 4S, EV 82.5 MPH)
|
|
Batting: LHB Darrell Ortega
|
0-0: Swinging Strike 0-1: Foul Ball, location: 2F 0-2: Ball 1-2: Ball 2-2: Strikes out looking
|
| Top of the 2nd over - 0 runs, 0 hits, 0 errors, 0 left on base; Oklahoma City 1 - Syracuse 2 |
| BOTTOM OF THE 2ND |
|
Syracuse Chiefs batting - Pitching for Oklahoma City Dodgers : RHP Trey Price
|
|
Batting: RHB Stephen Charbonneau
|
0-0: SINGLE (Line Drive, 9LS, EV 99.4 MPH)
|
|
Batting: LHB Evan Oliveri
|
Pickoff Play to 1st, Runner tries for 2nd, OUT after rundown. 0-0: Swinging Strike 0-1: Ball 1-1: Ball 2-1: Swinging Strike 2-2: Ball 3-2: Foul Ball, location: 2F 3-2: Strikes out swinging
|
|
Batting: RHB Ryan Hiemer
|
0-0: Foul Ball, location: 2F 0-1: Ball 1-1: Ball 2-1: Swinging Strike 2-2: Strikes out swinging
|
| Bottom of the 2nd over - 0 runs, 1 hit, 0 errors, 0 left on base; Oklahoma City 1 - Syracuse 2 |
| TOP OF THE 3RD |
|
Oklahoma City Dodgers batting - Pitching for Syracuse Chiefs : RHP Sentos Alatas
|
|
Batting: RHB Jose Ramirez
|
0-0: Ball 1-0: Called Strike 1-1: Fly out, F8 (Flyball, 89M, EV 86.9 MPH)
|
|
Batting: RHB Theo Schepers
|
0-0: Foul Ball, location: 2F 0-1: Ball 1-1: Foul Ball, location: 2F 1-2: Foul Ball, location: 2F 1-2: Ball 2-2: Strikes out swinging
|
|
Batting: LHB Chris Buchan
|
0-0: Foul Ball, location: 2F 0-1: Ball 1-1: Foul Ball, location: 2F 1-2: Foul Ball, location: 2F 1-2: Ball 2-2: Ball 3-2: Fly out, F5 (Popup, 6, EV 72.5 MPH)
|
| Top of the 3rd over - 0 runs, 0 hits, 0 errors, 0 left on base; Oklahoma City 1 - Syracuse 2 |
| BOTTOM OF THE 3RD |
|
Syracuse Chiefs batting - Pitching for Oklahoma City Dodgers : RHP Trey Price
|
|
Batting: RHB Dusty Ballard
|
0-0: Ball 1-0: Foul Ball, location: 2F 1-1: Ground out 5-3 (Groundball, 56S, EV 72.5 MPH)
|
|
Batting: RHB Hisayuki Akiyama
|
0-0: Ball 1-0: Called Strike 1-1: DOUBLE (Flyball, 8RXD, EV 106.2 MPH)
|
|
Batting: LHB Tim Olsen
|
0-0: Ball Hisayuki Akiyama steals 3rd base 1-0: Called Strike 1-1: Ball 2-1: Foul Ball, location: 2F 2-2: Ball 3-2: Foul Ball, location: 2F 3-2: Ground out U3 (Groundball, 34, EV 83.8 MPH) Hisayuki Akiyama scores
|
|
Batting: LHB Jae-ik Soung
|
0-0: Ball 1-0: Called Strike 1-1: Ball 2-1: SINGLE (Line Drive, 7LS, EV 106.9 MPH)
|
|
Batting: RHB Antonio Laurel
|
0-0: Ball 1-0: Ball 2-0: SINGLE (Groundball, 56D, EV 106.9 MPH) Jae-ik Soung to second
|
|
Batting: RHB Nate Dickinson
|
0-0: Called Strike 0-1: Ball 1-1: Called Strike 1-2: Strikes out swinging
|
| Bottom of the 3rd over - 1 run, 3 hits, 0 errors, 2 left on base; Oklahoma City 1 - Syracuse 3 |
| TOP OF THE 4TH |
|
Oklahoma City Dodgers batting - Pitching for Syracuse Chiefs : RHP Sentos Alatas
|
|
Batting: LHB Stephen Van Raalte
|
0-0: Ball 1-0: Called Strike 1-1: Swinging Strike 1-2: Ground out 5-3 (Groundball, 6, EV 83.8 MPH)
|
|
Batting: RHB Tommy Hunter
|
0-0: Ball 1-0: SINGLE (Line Drive, 78S, EV 105.0 MPH)
|
|
Batting: LHB Steve Pond
|
0-0: Called Strike 0-1: Ball 1-1: Swinging Strike 1-2: Strikes out looking
|
|
Batting: RHB Alex Cid
|
0-0: Called Strike 0-1: SINGLE (Groundball, 5D, EV 103.8 MPH) Tommy Hunter to second Runner from 2nd tries for 3rd, OUT! 7-5
|
| Top of the 4th over - 0 runs, 2 hits, 0 errors, 1 left on base; Oklahoma City 1 - Syracuse 3 |
| BOTTOM OF THE 4TH |
|
Syracuse Chiefs batting - Pitching for Oklahoma City Dodgers : RHP Trey Price
|
|
Batting: RHB Stephen Charbonneau
|
0-0: Bunt missed! 0-1: Ball 1-1: Ball 2-1: Swinging Strike 2-2: Strikes out looking
|
|
Batting: LHB Evan Oliveri
|
0-0: Ground out 5-3 (Groundball, 6S, EV 66.9 MPH)
|
|
Batting: RHB Ryan Hiemer
|
0-0: Swinging Strike 0-1: Fly out, F8 (Flyball, 8RM, EV 77.5 MPH)
|
| Bottom of the 4th over - 0 runs, 0 hits, 0 errors, 0 left on base; Oklahoma City 1 - Syracuse 3 |
| TOP OF THE 5TH |
|
Oklahoma City Dodgers batting - Pitching for Syracuse Chiefs : RHP Sentos Alatas
|
|
Batting: RHB Kevin Ezell
|
0-0: Ball 1-0: Swinging Strike 1-1: Ball 2-1: Ball 3-1: Base on Balls
|
|
Batting: LHB Darrell Ortega
|
0-0: Ball 1-0: Called Strike 1-1: Foul Ball, location: 2F 1-2: Ball 2-2: Ball 3-2: Base on Balls Kevin Ezell to second
|
|
Batting: RHB Jose Ramirez
|
0-0: Called Strike 0-1: Foul Ball, location: 2F 0-2: Grounds into double play, 6-4-3 (Groundball, 6, EV 85.6 MPH) Kevin Ezell to third
|
|
Batting: RHB Theo Schepers
|
0-0: Ball 1-0: SINGLE (Groundball, 34D, EV 105.0 MPH) Kevin Ezell scores
|
|
Batting: LHB Chris Buchan
|
0-0: Swinging Strike 0-1: Ball 1-1: Ball 2-1: Ground out 4-3 (Groundball, 34, EV 78.8 MPH)
|
| Top of the 5th over - 1 run, 1 hit, 0 errors, 1 left on base; Oklahoma City 2 - Syracuse 3 |
| BOTTOM OF THE 5TH |
|
Syracuse Chiefs batting - Pitching for Oklahoma City Dodgers : RHP Trey Price
|
|
Batting: RHB Dusty Ballard
|
0-0: Called Strike 0-1: Ball 1-1: Ball 2-1: Foul Ball, location: 2F 2-2: Ball 3-2: Foul Ball, location: 2F 3-2: SINGLE (Groundball, 5S, EV 68.8 MPH) (infield hit)
|
|
Batting: RHB Hisayuki Akiyama
|
0-0: Ball 1-0: SINGLE (Groundball, 56, EV 95.0 MPH) Dusty Ballard to second
|
|
Batting: LHB Tim Olsen
|
0-0: Called Strike 0-1: Ball 1-1: Foul Ball, location: 2F 1-2: Foul Ball, location: 2F 1-2: Ball 2-2: DOUBLE (Line Drive, 78M, EV 96.2 MPH) Dusty Ballard scores Hisayuki Akiyama to third Runner from 3rd tries for Home, SAFE, no throw by CF
|
|
Pitching: LHP Ramon Escobedo
|
|
|
Batting: LHB Jae-ik Soung
|
0-0: Foul Ball, location: 2F 0-1: Ball 1-1: Foul Ball, location: 2F 1-2: Foul Ball, location: 2F 1-2: Fly out, F9 (Flyball, 9S, EV 83.1 MPH)
|
|
Batting: RHB Antonio Laurel
|
0-0: Called Strike 0-1: SINGLE (Groundball, 4D, EV 100.0 MPH) Tim Olsen to third Runner from 3rd tries for Home, throw by RF and OUT! 9-2 Antonio Laurel to second
|
|
Batting: RHB Nate Dickinson
|
0-0: Ball 1-0: Ball 2-0: Ball 3-0: Called Strike 3-1: Called Strike 3-2: Fly out, F7 (Flyball, 7LM, EV 72.5 MPH)
|
| Bottom of the 5th over - 2 runs, 4 hits, 0 errors, 1 left on base; Oklahoma City 2 - Syracuse 5 |
| TOP OF THE 6TH |
|
Oklahoma City Dodgers batting - Pitching for Syracuse Chiefs : RHP Sentos Alatas
|
|
Batting: LHB Stephen Van Raalte
|
0-0: Ball 1-0: Ball 2-0: Called Strike 2-1: Swinging Strike 2-2: Ball 3-2: Strikes out swinging
|
|
Batting: RHB Tommy Hunter
|
0-0: Ball 1-0: Foul Ball, location: 2F 1-1: Ball 2-1: Ball 3-1: Foul Ball, location: 2F 3-2: Base on Balls
|
|
Batting: LHB Steve Pond
|
0-0: Ball 1-0: Called Strike 1-1: Ball 2-1: Swinging Strike 2-2: Ball 3-2: Foul Ball, location: 2F 3-2: Foul Ball, location: 2F 3-2: Ground out 4-3 (Groundball, 4S, EV 66.2 MPH) Tommy Hunter to second
|
|
Batting: RHB Alex Cid
|
0-0: Called Strike 0-1: Called Strike 0-2: Ball 1-2: Ball 2-2: Ball Wild Pitch! Tommy Hunter to third 3-2: Strikes out swinging
|
| Top of the 6th over - 0 runs, 0 hits, 0 errors, 1 left on base; Oklahoma City 2 - Syracuse 5 |
| BOTTOM OF THE 6TH |
|
Syracuse Chiefs batting - Pitching for Oklahoma City Dodgers : LHP Ramon Escobedo
|
|
Batting: RHB Stephen Charbonneau
|
0-0: Foul Ball, location: 2F 0-1: Swinging Strike 0-2: Ball 1-2: Strikes out swinging
|
|
Batting: LHB Evan Oliveri
|
0-0: Called Strike 0-1: Ball 1-1: Ground out 6-3 (Groundball, 6, EV 97.5 MPH)
|
|
Batting: RHB Ryan Hiemer
|
0-0: Swinging Strike 0-1: Ball 1-1: DOUBLE (Line Drive, 89D, EV 111.2 MPH)
|
|
Pitching: RHP Doug Frampton
|
|
|
Batting: RHB Dusty Ballard
|
0-0: Called Strike 0-1: Ball 1-1: Ball 2-1: Ball 3-1: Swinging Strike 3-2: Base on Balls
|
|
Batting: RHB Hisayuki Akiyama
|
0-0: Called Strike 0-1: Ball 1-1: Foul Ball, location: 2F 1-2: Ball 2-2: Ball 3-2: Foul Ball, location: 2F 3-2: SINGLE (Popup, 6D, EV 51.2 MPH) Ryan Hiemer to third Dusty Ballard to second Ryan Hiemer scores Dusty Ballard to third
|
|
Batting: LHB Tim Olsen
|
0-0: Ground out 4-3 (Groundball, 4, EV 108.1 MPH)
|
| Bottom of the 6th over - 1 run, 2 hits, 0 errors, 2 left on base; Oklahoma City 2 - Syracuse 6 |
| TOP OF THE 7TH |
|
Oklahoma City Dodgers batting - Pitching for Syracuse Chiefs : RHP Sentos Alatas
|
|
Pitching: RHP Ki-nam Kang
|
|
|
Batting: RHB Kevin Ezell
|
0-0: Ball 1-0: Ball 2-0: Ball 3-0: Base on Balls
|
|
Batting: LHB Darrell Ortega
|
0-0: Ball 1-0: Fielders Choice at 2nd, 6-4 (Groundball, 56, EV 105.0 MPH)
|
|
Batting: RHB Jose Ramirez
|
0-0: Called Strike 0-1: Ball 1-1: Ball 2-1: Ball 3-1: Swinging Strike 3-2: Fly out, F3 (Line Drive, 3L, EV 61.9 MPH) Lined into DP, U3 (Line Drive, 3L, EV 68.1 MPH)
|
| Top of the 7th over - 0 runs, 0 hits, 0 errors, 0 left on base; Oklahoma City 2 - Syracuse 6 |
| BOTTOM OF THE 7TH |
|
Syracuse Chiefs batting - Pitching for Oklahoma City Dodgers : RHP Doug Frampton
|
|
Batting: LHB Jae-ik Soung
|
0-0: Ball 1-0: Ball 2-0: Ball 3-0: Base on Balls
|
|
Batting: RHB Antonio Laurel
|
0-0: Fielders Choice at 2nd, 5-4 (Groundball, 5L, EV 86.9 MPH)
|
|
Batting: RHB Nate Dickinson
|
0-0: Called Strike 0-1: Called Strike 0-2: Ball 1-2: Fly out, F8 (Flyball, 8RM, EV 93.1 MPH)
|
|
Batting: RHB Stephen Charbonneau
|
0-0: Called Strike Antonio Laurel is caught stealing 2nd base 2-4
|
| Bottom of the 7th over - 0 runs, 0 hits, 0 errors, 0 left on base; Oklahoma City 2 - Syracuse 6 |
| TOP OF THE 8TH |
|
Oklahoma City Dodgers batting - Pitching for Syracuse Chiefs : RHP Ki-nam Kang
|
|
Batting: RHB Theo Schepers
|
0-0: Foul Ball, location: 2F 0-1: Ball 1-1: Foul Ball, location: 2F 1-2: Foul Ball, location: 2F 1-2: Ball 2-2: Ground out 4-3 (Groundball, 4, EV 80.6 MPH)
|
|
Batting: LHB Chris Buchan
|
0-0: Ball 1-0: Ball 2-0: Foul Ball, location: 2F 2-1: Foul Ball, location: 2F 2-2: Ball 3-2: Foul Ball, location: 2F 3-2: Strikes out swinging
|
|
Batting: LHB Stephen Van Raalte
|
0-0: Ball 1-0: Ball 2-0: Called Strike 2-1: Swinging Strike 2-2: Strikes out swinging
|
| Top of the 8th over - 0 runs, 0 hits, 0 errors, 0 left on base; Oklahoma City 2 - Syracuse 6 |
| BOTTOM OF THE 8TH |
|
Syracuse Chiefs batting - Pitching for Oklahoma City Dodgers : RHP Doug Frampton
|
|
Batting: RHB Stephen Charbonneau
|
0-0: Foul Ball, location: 2F 0-1: Ground out 6-3 (Groundball, 6, EV 88.8 MPH)
|
|
Batting: LHB Evan Oliveri
|
0-0: Ball 1-0: Ball 2-0: SINGLE (Flyball, 56D, EV 88.8 MPH)
|
|
Batting: RHB Ryan Hiemer
|
0-0: Ball 1-0: Ball 2-0: Ball Evan Oliveri steals 2nd base 3-0: Called Strike 3-1: Swinging Strike 3-2: Fly out, F8 (Flyball, 8RD, EV 106.2 MPH)
|
|
Pitching: RHP Miguel Martinez
|
|
|
Batting: RHB Dusty Ballard
|
0-0: Foul Ball, location: 2F 0-1: SINGLE (Line Drive, 6D, EV 98.1 MPH) Evan Oliveri to third Runner from 3rd tries for Home, SAFE, throw by CF to home
|
|
Batting: RHB Hisayuki Akiyama
|
0-0: Swinging Strike 0-1: Foul Ball, location: 2F 0-2: Strikes out swinging
|
| Bottom of the 8th over - 1 run, 2 hits, 0 errors, 1 left on base; Oklahoma City 2 - Syracuse 7 |
| TOP OF THE 9TH |
|
Oklahoma City Dodgers batting - Pitching for Syracuse Chiefs : RHP Ki-nam Kang
|
|
Batting: RHB Tommy Hunter
|
0-0: Ball 1-0: Called Strike 1-1: Ground out 6-3 (Groundball, 6, EV 96.9 MPH)
|
|
Batting: LHB Steve Pond
|
0-0: Called Strike 0-1: Ball 1-1: Foul Ball, location: 2F 1-2: Foul Ball, location: 2F 1-2: Ball 2-2: Strikes out swinging
|
|
Batting: RHB Alex Cid
|
0-0: Ball 1-0: Ball 2-0: Ground out 6-3 (Groundball, 6, EV 88.8 MPH)
|
| Top of the 9th over - 0 runs, 0 hits, 0 errors, 0 left on base; Oklahoma City 2 - Syracuse 7 |
|